 Dungeon Crawl Stone Soup version 0.29-a0-82-g837932c90e (webtiles) character file.

Game seed: 1347710170251144019

3319 lordive the Thaumaturge (level 10, -6/67 HPs)
             Began as a Djinni Conjurer on Feb 4, 2022.
             Was an Initiate of Makhleb.
             Mangled by an eight-headed hydra (15 damage)
             ... on level 6 of the Dungeon.
             The game lasted 00:14:44 (8939 turns).

lordive the Thaumaturge (Djinni Conjurer)           Turns: 8939, Time: 00:14:45

Health: -6/67      AC:  6    Str:  6    XL:     10   Next: 21%
Gold:   370        EV: 13    Int: 23    God:    Makhleb [......] SH:  0 Dex: 13

rFire   + + .      SeeInvis .   B - +2 whip (drain)
rCold   x . .      Faith    .   (no shield)
rNeg    . . .      Spirit   .   M - +0 troll leather armour
rPois   ∞          Reflect  .   (no helmet)
rElec   .          Harm     .   (no cloak)
rCorr   .          Rampage  .   h - +0 pair of gloves
Will    +....                   (boots unavailable)
Stlth   ++........              (no amulet)
HPRegen 1.01/turn               l - +4 ring of slaying
MPRegen 0.00/turn               (no ring)

@: flying
A: sickness immunity, fire resistance 2, cold vulnerability 1, float, innate
caster, HP casting, extra vitality 1
a: Renounce Religion


You were on level 6 of the Dungeon.
You worshipped Makhleb.
Makhleb was noncommittal.
You visited 2 branches of the dungeon, and saw 8 of its levels.

You collected 382 gold pieces.
You spent 12 gold pieces at shops.

Inventory:

Hand Weapons
 B - a +2 whip of draining (weapon)
Missiles
 C - 10 poisoned darts
 D - 4 javelins
Armour
 a - a +0 robe
 f - a +0 scale mail
 h - a +0 pair of gloves (worn)
 o - a +3 scale mail of positive energy
 u - the +3 leather armour "Verenas" {rF+}
   (You found it on level 3 of the Dungeon)

   rF:        It protects you from fire.
 J - a +2 leather armour of cold resistance
 M - a +0 troll leather armour (worn)
Jewellery
 e - a +6 ring of dexterity
 i - a ring of fire
 l - a +4 ring of slaying (left hand)
 n - a ring of ice
 H - a +6 ring of strength
 K - a ring of see invisible
Wands
 v - a wand of flame (27)
 L - a wand of polymorph (2)
Scrolls
 b - 2 scrolls of blinking {unknown}
 d - 3 scrolls of immolation {unknown}
 g - 5 scrolls of identify {unknown}
 j - 4 scrolls of teleportation {unknown}
 r - 3 scrolls of fear {unknown}
 t - 2 scrolls of vulnerability {unknown}
 x - 2 scrolls of fog {unknown}
 y - 2 scrolls of brand weapon {unknown}
 z - 2 scrolls of enchant weapon {unknown}
 A - a scroll of noise {unknown}
 I - 2 scrolls of magic mapping {unknown}
Potions
 c - 2 potions of invisibility {unknown}
 k - a potion of flight {unknown}
 m - 2 potions of brilliance {unknown}
 p - 2 potions of lignification {unknown}
 q - 2 potions of resistance {unknown}
 s - 5 potions of curing {unknown}
 w - a potion of haste
 E - a potion of magic {unknown}
 F - 3 potions of attraction {unknown}
 G - a potion of heal wounds {unknown}


   Skills:
 * Level 3.7 Fighting
 * Level 5.0 Armour
 * Level 5.1 Dodging
 - Level 1.6 Stealth
 * Level 3.7 Shields
 * Level 8.2 Spellcasting
 * Level 3.7 Invocations


You had one spell level left.
You knew the following spells:

 Your Spells              Type           Power      Damage    Failure   Level
a - Magic Dart            Conj           100%       1d8       1%          1
b - Searing Ray           Conj           94%        2d7       1%          2
c - Dazzling Flash        Conj/Hex       94%        N/A       1%          3
d - Fulminant Prism       Conj/Hex       23%        3d13      3%          4
e - Iskenderun's Mystic   Conj/Tloc      47%        2d10      3%          4
f - Shock                 Conj/Air       100%       1d9       1%          1
g - Call Imp              Summ           47%        N/A       1%          2
h - Teleport Other        Tloc           47%        N/A       1%          3
i - Petrify               Tmut/Erth      47%        N/A       3%          4
Your spell library was empty.

Dungeon Overview and Level Annotations

Branches:
Dungeon (7/15)             Temple (1/1) D:6

Altars:
Ashenzari
Cheibriados
Dithmenos
Elyvilon
Fedhas
Gozag
Hepliaklqana
Kikubaaqudgha
Makhleb
Okawaru
Qazlal
Ru
Sif Muna
Trog
Uskayaw
Vehumet
Wu Jian
Xom
Yredelemnul
Zin
The Shining One

Shops:
D:4 [!*

Annotations:
D:4 1 runed translucent door, Crazy Yiuf
D:7 1 runed translucent door


Innate Abilities, Weirdness & Mutations

You are immune to sickness and miasma.
You are immune to poison.
Your flesh is very heat resistant. (rF++)
You are vulnerable to cold. (rC-)
You float through the air rather than walking.
You learn spells naturally, not from books.
Your magical power is your life essence.
You have superior vitality. (+4 MHP)


Message History

The deep elf pyromancer casts a spell.
The deep elf pyromancer blinks!
Things that are here:
a +0 dagger; a +0 robe The deep elf pyromancer mumbles some strange words.
The deep elf pyromancer blinks!
Things that are here:
a +0 short sword; a +0 leather armour; the elf corpse of Duvessa
Casting: Dazzling Flash (safe; 1% risk of failure)
Confirm with . or Enter, or press ? or * to list all spells.
You erupt in a blast of force!
The mystic blast hits the eight-headed hydra!
The eight-headed hydra is moderately wounded.
The eight-headed hydra closely misses you.
The eight-headed hydra bites you but does no damage.
The eight-headed hydra bites you! x2
The eight-headed hydra completely misses you.
The eight-headed hydra barely misses you.
The eight-headed hydra bites you!
The eight-headed hydra barely misses you.
Casting: Iskenderun's Mystic Blast (dangerous; 3% risk of failure)
Confirm with . or Enter, or press ? or * to list all spells.
Okay, then.
The deep elf pyromancer gestures wildly while chanting.
There is a stone staircase leading up here.
The eight-headed hydra bites you! The eight-headed hydra misses you.
The eight-headed hydra barely misses you.
The eight-headed hydra closely misses you. x2
The eight-headed hydra completely misses you.
The eight-headed hydra bites you!
* * * LOW HITPOINT WARNING * * *
The eight-headed hydra bites you.
* * * LOW HITPOINT WARNING * * *
The fire elemental hits you. The fire elemental burns you! You resist.
* * * LOW HITPOINT WARNING * * *
You fly upwards.
There is a stone staircase leading down here.
Unknown command.
The eight-headed hydra bites you!
You die...

.........# #...#.##.......##.#<#+
.........# #...#.##.......##.....
.........#######.##.......##.....
..)...........##.##.......##.....
...#####......##..##'#####.......
...# #......#......# #.#.....
...# #......#......# #.##....
...# #......#......# #.##.###
...# #......#.@....# #.##....
##.# #......#..D...#####.######
##.# #......#............######
.#.# #......#..................
.#'#####......#......############
..............#.....>............
..............###################
..............# ###
..............# #..


You could see an eight-headed hydra.

Vanquished Creatures
  3 rime drakes (D:7)
  A troll (D:7)
  A steam dragon (D:6)
  Duvessa (D:7)
  2 black bears
  2 sky beasts (D:5)
  2 ogres
  A phantom (D:6)
  2 scorpions
  Dowan (D:7)
  4 killer bees (D:6)
  5 wights (D:7)
  3 centaur zombies
  4 jellies
  2 hounds (D:5)
  A centaur skeleton (D:5)
  An orc priest (D:6)
  Ijyb (D:5)
  Jessica (D:3)
  Terence (D:3)
  An iguana (D:6)
  2 orc wizards
  6 adders
  A shadow imp (D:7)
  A white imp (D:7)
  2 ufetubi
  3 worms
  A dart slug (D:1)
  19 orcs
  6 ball pythons
  9 endoplasms
  4 giant cockroaches
  5 goblins
  6 hobgoblins
  4 jackals (D:3)
  3 quokkas
  6 bats
  6 frilled lizards
  7 kobolds
  4 rats
135 creatures vanquished.

Notes
Turn   | Place    | Note
-------+----------+-------------------------------------------
     0 | D:1      | lordive the Djinni Conjurer began the quest for the Orb.
     0 | D:1      | Reached XP level 1. HP: 15/15 MP: 0/0
   465 | D:1      | Reached XP level 2. HP: 19/21 MP: 0/0
  1125 | D:1      | Found a faded altar of an unknown god.
  1143 | D:1      | Reached XP level 3. HP: 24/25 MP: 0/0
  1143 | D:1      | Learned a level 1 spell: Shock
  2189 | D:2      | Reached skill level 4 in Spellcasting
  2376 | D:3      | Reached XP level 4. HP: 28/31 MP: 0/0
  2524 | D:3      | Noticed Terence
  2540 | D:3      | Killed Terence
  2541 | D:3      | Reached skill level 1 in Armour
  2694 | D:3      | Reached XP level 5. HP: 24/36 MP: 0/0
  2694 | D:3      | Learned a level 2 spell: Call Imp
  2906 | D:3      | Noticed an ogre
  2913 | D:3      | Killed an ogre
  2914 | D:3      | Reached skill level 1 in Fighting
  2914 | D:3      | Reached skill level 1 in Invocations
  2914 | D:3      | Reached XP level 6. HP: 32/42 MP: 0/0
  3167 | D:3      | Identified the +3 leather armour "Verenas" {rF+}
  3277 | D:3      | Noticed Jessica
  3281 | D:3      | Killed Jessica
  3282 | D:3      | Reached skill level 1 in Shields
  3881 | D:4      | Found Urijuh's Distillery.
  3885 | D:4      | Bought a potion of degeneration for 12 gold pieces
  4218 | D:4      | Found Ofuk's Antique Armour Emporium.
  4411 | D:4      | Found Wisetror's Assorted Antiques.
  4512 | D:4      | Found a runed translucent door.
  4513 | D:4      | Noticed Crazy Yiuf
  4652 | D:5      | Entered Level 5 of the Dungeon
  4728 | D:5      | Reached skill level 5 in Spellcasting
  4756 | D:5      | Noticed Ijyb
  4765 | D:5      | Killed Ijyb
  4766 | D:5      | Reached XP level 7. HP: 36/47 MP: 0/0
  4766 | D:5      | Learned a level 3 spell: Teleport Other
  5445 | D:5      | Reached XP level 8. HP: 20/54 MP: 0/0
  6272 | D:6      | Reached skill level 6 in Spellcasting
  6890 | D:6      | Found a staircase to the Ecumenical Temple.
  7072 | Temple   | Entered the Ecumenical Temple
  7643 | Temple   | Became a worshipper of Makhleb the Destroyer
  7749 | D:6      | Reached XP level 9. HP: 48/59 MP: 0/0
  7749 | D:6      | Learned a level 4 spell: Petrify
  8083 | D:6      | Reached skill level 7 in Spellcasting
  8156 | D:7      | Noticed a troll
  8176 | D:7      | Killed a troll
  8515 | D:7      | Noticed a rime drake
  8516 | D:7      | Noticed a rime drake
  8516 | D:7      | Noticed a rime drake
  8529 | D:7      | Found the +4 skin of Zhor {*Englaciate rC+++ SInv}
  8541 | D:7      | Killed a rime drake
  8541 | D:7      | Killed a rime drake
  8542 | D:7      | Killed a rime drake
  8543 | D:7      | Reached skill level 8 in Spellcasting
  8543 | D:7      | Reached XP level 10. HP: 47/67 MP: 0/0
  8720 | D:7      | Noticed Duvessa
  8720 | D:7      | Noticed Dowan
  8735 | D:7      | Killed Duvessa
  8735 | D:7      | Killed Dowan
  8736 | D:7      | Reached skill level 5 in Dodging
  8760 | D:7      | Noticed a cyclops
  8763 | D:7      | Found a runed translucent door.
  8819 | D:7      | Reached skill level 5 in Armour
  8864 | D:7      | Noticed a deep elf pyromancer
  8864 | D:7      | Noticed an eight-headed hydra
  8933 | D:7      | HP: 3/67 [fire elemental[a deep elf pyromancer] (4)]
  8939 | D:6      | Mangled by an eight-headed hydra

Illustrated notes

Levels and vault maps discovered:
D:1:      heliophobic_arrival_enchanted_forest, layout_loops_corners,
          ebering_ecumenical_altar_ruins
D:2:      layout_loops_cross, minmay_between
D:3:      layout_rooms, grunt_decor_arrowhead, uniq_terence, uniq_jessica
D:4:      layout_loops_cross, serial_shops, shop_fountains,
          nicolae_shop_hallway_plus, nicolae_shop_statue_plus,
          uniq_crazy_yiuf_cottage
D:5:      layout_cave_pods, uniq_ijyb
D:6:      layout_basic, minmay_temple_entry_antechambers
D:7:      minmay_the_grid_triangle_9x9_rhombus_full
          [minmay_the_grid_triangle_9x9_zippers_horizontal,
          minmay_the_grid_triangle_9x9_wacky_v,
          minmay_the_grid_triangle_9x9_subtriangle,
          minmay_the_grid_triangle_9x9_warning,
          minmay_the_grid_triangle_9x9_intruding_spiral,
          minmay_the_grid_triangle_9x9_steps,
          minmay_the_grid_triangle_9x9_longest,
          minmay_the_grid_triangle_9x9_prize_special], layout_loops_cross,
          hellmonk_guarded_unrand_zhor, uniq_duvessa
Temple:   mainiacjoe_temple_starburst

Skill      XL: |  1  2  3  4  5  6  7  8  9 10 |
---------------+-------------------------------+-----
Spellcasting   | 4 5 6 8 |  8.2
Armour         | 1 2 3 4 5 |  5.0
Fighting       | 1 2 3 |  3.7
Invocations    | 1 2 3 |  3.7
Shields        | 1 2 3 |  3.7
Dodging        | 3 4 5 |  5.1
Stealth        | |  1.6

Action                   |  1- 3 |  4- 6 |  7- 9 | 10-12 || total
-------------------------+-------+-------+-------+-------++-------
Melee: Unarmed           |     1 |       |       |       ||     1
 Cast: Magic Dart        |    67 |   108 |    70 |    30 ||   275
       Searing Ray       |     1 |     9 |    38 |     7 ||    55
       Iskenderun's Myst |       |       |       |     1 ||     1
       Dazzling Flash    |       |       |       |     1 ||     1
Armor: Leather armour    |     5 |     5 |    44 |       ||    54
       Troll leather arm |       |       |     1 |     5 ||     6
Dodge: Dodged            |    11 |     6 |    65 |    16 ||    98

Table legend: (Time is in decaauts)
 A = Elapsed time spent in this place.
 B = Non-inter-level travel time spent in this place.
 C = Inter-level travel time spent in this place.
 D = Time resting spent in this place.
 E = Time spent auto-exploring this place.
 F = Levels seen in this place.
 G = Mean time per level.
                   A        B        C        D        E       F      G
               +--------+--------+--------+--------+--------+-----+--------+
         Total |   8937 |   8482 |    455 |    418 |   7134 |   8 | 1117.1 |
       Dungeon |   8310 |   7959 |    351 |    418 |   6619 |   7 | 1187.1 |
        Temple |    626 |    523 |    103 |      0 |    515 |   1 |  626.0 |
               +--------+--------+--------+--------+--------+-----+--------+

Top non-repeatable levels by time:
     D:1: 1574 daAuts
     D:5: 1511 daAuts
     D:6: 1362 daAuts
     D:3: 1199 daAuts
     D:4: 1082 daAuts
     D:2: 794 daAuts
     D:7: 785 daAuts
  Temple: 626 daAuts
